 Dungeon Crawl Stone Soup version 0.22-a0-825-ga28c36f (webtiles) character file.

71 iamserjio the Insei (level 4, -3/38 HPs)
             Began as a Draconian Monk on July 24, 2018.
             Slain by a gnoll
             ... wielding a +0 halberd
              (10 damage)
             ... on level 3 of the Dungeon.
             The game lasted 00:03:20 (463 turns).

iamserjio the Insei (Draconian Monk)                 Turns: 463, Time: 00:03:21

Health: -3/38      AC:  5    Str: 13    XL:     4   Next: 5%
Magic:  4/4        EV: 13    Int: 11    God:
Gold:   17         SH:  0    Dex: 14    Spells: 3/3 levels left

rFire    . . .     SeeInvis .     - Unarmed
rCold    . . .     Gourm    .   (no shield)
rNeg     . . .     Faith    .   (armour unavailable)
rPois    .         Spirit   .   (helmet restricted)
rElec    .         Reflect  .   (no cloak)
rCorr    .         Harm     .   (no gloves)
MR       .....                  (no boots)
Stlth    ++........             (no amulet)
HPRegen  0.12/turn              f - ring of wizardry
MPRegen  0.09/turn              (no ring)

@: no status effects
A: unfitting armour, cold-blooded, AC +5
a: no special abilities


You were on level 3 of the Dungeon.
You were not hungry.

You visited 1 branch of the dungeon, and saw 3 of its levels.

You collected 17 gold pieces.

Inventory:

Hand Weapons
 h - a +0 hunting sling
Missiles
 e - 6 tomahawks (quivered)
Jewellery
 f - a ring of wizardry (left hand)
Scrolls
 b - a scroll of remove curse {unknown}
 c - a scroll of teleportation {unknown}
 i - a scroll of identify {unknown}
Potions
 d - a potion of cancellation {unknown}
 g - 2 potions of curing {@q1}
Comestibles
 a - 2 rations


   Skills:
 - Level 3.3 Fighting
 - Level 2.6 Dodging
 - Level 1.7 Stealth
 * Level 4.9 Unarmed Combat


You had 3 spell levels left.
You didn't know any spells.
Your spell library was empty.

Dungeon Overview and Level Annotations

Branches:
Dungeon (3/15)

Altars:


Innate Abilities, Weirdness & Mutations

Your plain brown scales are hard. (AC +5)
You cannot fit into any form of body armour.
You are cold-blooded and may be slowed by cold attacks.


Message History

You have reached level 4!
You feel agile.
The gnoll hits you from afar with a halberd!
Things that are here:
a club; a gnoll corpse You barely miss the gnoll.
The gnoll closely misses you.
You hit the gnoll.
The gnoll is lightly wounded.
The gnoll hits you with a halberd.
* * * LOW HITPOINT WARNING * * *
You barely miss the gnoll.
The gnoll is lightly wounded.
The gnoll hits you with a halberd.
* * * LOW HITPOINT WARNING * * *
You hit the gnoll but do no damage.
The gnoll is lightly wounded.
You hit the gnoll.
The gnoll is heavily wounded.
The gnoll hits you with a halberd!
You die...

#.# ####.####.# #.# #.#
#.# #.# #.## ##'## #..#
##.(.## ##.# ##.....## .
##..# ##.......####.#
###...####.........#....
#.....g@...........'....
#.#...###..........#.#..
#)##..# #.#.......##.#
#. #)## #.##.....## #
#.##.####.###...##
#.........# ##'##
##......### #.# #.#.##.#
#.# #.#.##.######.##


You could see a gnoll.

Vanquished Creatures
  2 gnolls (D:3)
  2 adders (D:2)
  An ooze (D:2)
  A worm (D:2)
  A leopard gecko (D:3)
  An orc (D:3)
  4 giant cockroaches
  A goblin (D:1)
  5 hobgoblins
  2 kobolds
  2 bats (D:1)
  4 rats
26 creatures vanquished.

Notes
Turn   | Place    | Note
-------+----------+-------------------------------------------
     0 | D:1      | iamserjio the Draconian Monk began the quest for the Orb.
     0 | D:1      | Reached XP level 1. HP: 19/19 MP: 1/1
    70 | D:1      | Reached XP level 2. HP: 19/26 MP: 2/2
   225 | D:2      | Reached skill level 4 in Unarmed Combat
   225 | D:2      | Reached XP level 3. HP: 12/31 MP: 3/3
   304 | D:2      | Noticed an ogre
   457 | D:3      | Reached XP level 4. HP: 20/38 MP: 4/4
   463 | D:3      | Slain by a gnoll

Vault maps used:
D:1:      ncdulo_lavacross
D:2:      minivault_4, kennysheep_small_spiral, minmay_pentomino_r2
D:3:      nicolae_overflow_hidden_temple, first_ration

Skill      XL: |  1  2 |
---------------+-------+-----
Unarmed Combat | 4 |  4.9
Fighting       | |  3.3
Dodging        | |  2.6
Stealth        | |  1.7

Action                   |  1- 3 |  4- 6 || total
-------------------------+-------+-------++-------
Melee: Unarmed           |   106 |     5 ||   111
       Tailslap          |    18 |       ||    18
       Punch             |     3 |       ||     3
  Use: Potion            |     2 |       ||     2
 Stab: Sleeping          |     4 |       ||     4
Armor: Skin              |    18 |       ||    18
Dodge: Dodged            |    55 |     1 ||    56

Table legend:
 A = Spawn XP
 B = Non-spawn XP
 C = Spawn XP percentage of total XP
 D = Spawn monster count
 E = Non-spawn monster count
 F = Spawn count percentage of total count
 G = Total turns spent on level
                    A         B        C        D         E        F      G
               +---------+---------+-------+---------+---------+-------+---------
         Total |       0 |     102 |   0.0 |       0 |      26 |   0.0 |   463
               +---------+---------+-------+---------+---------+-------+---------
           D:1 |       0 |      17 |   0.0 |       0 |      10 |   0.0 |   134
           D:2 |       0 |      49 |   0.0 |       0 |      10 |   0.0 |   187
           D:3 |       0 |      36 |   0.0 |       0 |       6 |   0.0 |   142
               +---------+---------+-------+---------+---------+-------+---------
